TOP OF THE 1ST |
Greensboro Hornets batting - Pitching for Raleigh-Durham Capitals : RHP Carlos Garcia
|
Pitching: RHP Carlos Garcia
|
|
Batting: RHB Armando Moreno
|
0-0: Called Strike 0-1: Foul Ball, location: 2F 0-2: Fly out, F3 (Popup, 23F, EV 87.5 MPH)
|
Batting: RHB Alexis Infante
|
0-0: Called Strike 0-1: Ball 1-1: Foul Ball, location: 2F 1-2: Strikes out looking
|
Batting: LHB Preston Cash
|
0-0: Ball 1-0: Ball 2-0: Ball 3-0: Called Strike 3-1: Called Strike 3-2: Base on Balls
|
Batting: RHB Greg Jelks
|
0-0: Called Strike 0-1: Ball 1-1: Foul Ball, location: 2F 1-2: SINGLE (Line Drive, 78M, EV 91.3 MPH) Preston Cash to second
|
Batting: LHB Fernando Vazquez
|
0-0: Ball 1-0: Ball 2-0: Foul Ball, location: 2F 2-1: Swinging Strike 2-2: Ball 3-2: Foul Ball, location: 2F 3-2: Strikes out swinging
|
Top of the 1st over - 0 runs, 1 hit, 0 errors, 2 left on base; Greensboro 0 - Raleigh-Durham 0 |
BOTTOM OF THE 1ST |
Raleigh-Durham Capitals batting - Pitching for Greensboro Hornets : RHP Jesus Silva
|
Pitching: RHP Jesus Silva
|
|
Batting: SHB Horace Ransom
|
0-0: Ball 1-0: Swinging Strike 1-1: Ground out 5-3 (Groundball, 6S, EV 68.8 MPH)
|
Batting: RHB Mark Miller
|
0-0: Ball 1-0: Ball 2-0: Called Strike 2-1: Called Strike 2-2: Fly out, F8 (Flyball, 8RS, EV 93.8 MPH)
|
Batting: RHB James Wahlig
|
0-0: Called Strike 0-1: Foul Ball, location: 2F 0-2: Ball 1-2: Foul Ball, location: 2F 1-2: Ball 2-2: Foul Ball, location: 2F 2-2: Fly out, F9 (Line Drive, 9, EV 88.1 MPH)
|
Bottom of the 1st over - 0 runs, 0 hits, 0 errors, 0 left on base; Greensboro 0 - Raleigh-Durham 0 |
TOP OF THE 2ND |
Greensboro Hornets batting - Pitching for Raleigh-Durham Capitals : RHP Carlos Garcia
|
Batting: RHB Mark Cauley
|
0-0: Ball 1-0: Fly out, F7 (Flyball, 78M, EV 88.8 MPH)
|
Batting: LHB Stephen DeMatties
|
0-0: Ball 1-0: Reached on error, E4 (Groundball, 4, EV 81.9 MPH)
|
Batting: RHB John Lohse
|
0-0: Called Strike 0-1: Ball 1-1: Ball 2-1: Fly out, F8 (Flyball, 8RM, EV 81.3 MPH)
|
Batting: RHB Craig Hendrickson
|
0-0: Ball 1-0: Ball 2-0: Ball 3-0: Base on Balls Stephen DeMatties to second
|
Batting: RHB Armando Moreno
|
0-0: Ground out 6-3 (Groundball, 56D, EV 98.1 MPH)
|
Top of the 2nd over - 0 runs, 0 hits, 1 error, 2 left on base; Greensboro 0 - Raleigh-Durham 0 |
BOTTOM OF THE 2ND |
Raleigh-Durham Capitals batting - Pitching for Greensboro Hornets : RHP Jesus Silva
|
Batting: LHB Clay Smith
|
0-0: Ball 1-0: Fly out, F8 (Flyball, 89S, EV 86.3 MPH)
|
Batting: RHB James Stefanski
|
0-0: Reached on error, E5 (Groundball, 5, EV 88.8 MPH)
|
Batting: RHB Kevin MacDonald
|
0-0: Called Strike 0-1: Swinging Strike 0-2: Foul Ball, location: 2F 0-2: Strikes out looking
|
Batting: RHB Red Ebersole
|
0-0: Fly out, F4 (Popup, 4M, EV 78.1 MPH)
|
Bottom of the 2nd over - 0 runs, 0 hits, 1 error, 1 left on base; Greensboro 0 - Raleigh-Durham 0 |
TOP OF THE 3RD |
Greensboro Hornets batting - Pitching for Raleigh-Durham Capitals : RHP Carlos Garcia
|
Batting: RHB Alexis Infante
|
0-0: Ground out 6-3 (Groundball, 6MS, EV 76.9 MPH)
|
Batting: LHB Preston Cash
|
0-0: Ball 1-0: Foul Ball, location: 2F 1-1: Ball 2-1: Called Strike 2-2: Ball 3-2: Fly out, F8 (Line Drive, 8RD, EV 94.4 MPH)
|
Batting: RHB Greg Jelks
|
0-0: Called Strike 0-1: Ball 1-1: Swinging Strike 1-2: Ball 2-2: Strikes out swinging
|
Top of the 3rd over - 0 runs, 0 hits, 0 errors, 0 left on base; Greensboro 0 - Raleigh-Durham 0 |
BOTTOM OF THE 3RD |
Raleigh-Durham Capitals batting - Pitching for Greensboro Hornets : RHP Jesus Silva
|
Batting: RHB Luis Brito
|
0-0: Ball 1-0: Fly out, F3 (Line Drive, 3, EV 71.9 MPH)
|
Batting: RHB Marshall Burk
|
0-0: Ball 1-0: Ball 2-0: Ground out 4-3 (Groundball, 4, EV 84.4 MPH)
|
Batting: SHB Horace Ransom
|
0-0: Ball 1-0: Ball 2-0: Ball 3-0: Base on Balls
|
Batting: RHB Mark Miller
|
0-0: SINGLE (Flyball, 7LS, EV 91.9 MPH) Horace Ransom to second
|
Batting: RHB James Wahlig
|
0-0: Foul Ball, location: 2F 0-1: Ground out 1-3 (Groundball, 15S, EV 63.1 MPH)
|
Bottom of the 3rd over - 0 runs, 1 hit, 0 errors, 2 left on base; Greensboro 0 - Raleigh-Durham 0 |
TOP OF THE 4TH |
Greensboro Hornets batting - Pitching for Raleigh-Durham Capitals : RHP Carlos Garcia
|
Batting: LHB Fernando Vazquez
|
0-0: Ball 1-0: Ball 2-0: Ball 3-0: Called Strike 3-1: Called Strike 3-2: Base on Balls
|
Batting: RHB Mark Cauley
|
0-0: Called Strike 0-1: Ball 1-1: Ball 2-1: Grounds into double play, 6-4-3 (Groundball, 6, EV 100.0 MPH)
|
Batting: LHB Stephen DeMatties
|
0-0: Foul Ball, location: 2F 0-1: Foul Ball, location: 2F 0-2: Strikes out swinging
|
Top of the 4th over - 0 runs, 0 hits, 0 errors, 0 left on base; Greensboro 0 - Raleigh-Durham 0 |
BOTTOM OF THE 4TH |
Raleigh-Durham Capitals batting - Pitching for Greensboro Hornets : RHP Jesus Silva
|
Batting: LHB Clay Smith
|
0-0: Ground out 4-3 (Groundball, 34, EV 83.8 MPH)
|
Batting: RHB James Stefanski
|
0-0: Ball 1-0: Ball 2-0: Swinging Strike 2-1: Fly out, F8 (Flyball, 8RXD, EV 109.4 MPH)
|
Batting: RHB Kevin MacDonald
|
0-0: Ball 1-0: Foul Ball, location: 2F 1-1: Foul Ball, location: 2F 1-2: Ball 2-2: Ball 3-2: Foul Ball, location: 2F 3-2: Fly out, F2 (Popup, 25F, EV 78.8 MPH)
|
Bottom of the 4th over - 0 runs, 0 hits, 0 errors, 0 left on base; Greensboro 0 - Raleigh-Durham 0 |
TOP OF THE 5TH |
Greensboro Hornets batting - Pitching for Raleigh-Durham Capitals : RHP Carlos Garcia
|
Batting: RHB John Lohse
|
0-0: Ball 1-0: Foul Ball, location: 2F 1-1: Ball 2-1: Foul Ball, location: 2F 2-2: Foul Ball, location: 2F 2-2: Foul Ball, location: 2F 2-2: Ball 3-2: Foul Ball, location: 2F 3-2: Base on Balls
|
Batting: RHB Craig Hendrickson
|
0-0: Ball 1-0: Grounds into double play, 4-6-3 (Groundball, 4, EV 80.6 MPH)
|
Batting: RHB Armando Moreno
|
0-0: Ball 1-0: SINGLE (Line Drive, 56, EV 97.5 MPH)
|
Batting: RHB Alexis Infante
|
0-0: Swinging Strike 0-1: Called Strike 0-2: Ball 1-2: Fly out, F7 (Flyball, 7, EV 83.1 MPH)
|
Top of the 5th over - 0 runs, 1 hit, 0 errors, 1 left on base; Greensboro 0 - Raleigh-Durham 0 |
BOTTOM OF THE 5TH |
Raleigh-Durham Capitals batting - Pitching for Greensboro Hornets : RHP Jesus Silva
|
Batting: RHB Red Ebersole
|
0-0: Ball 1-0: Ball 2-0: Foul Ball, location: 2F 2-1: Swinging Strike 2-2: Ball 3-2: Base on Balls
|
Batting: RHB Luis Brito
|
0-0: Ball 1-0: Ball 2-0: Called Strike 2-1: Foul Ball, location: 2F 2-2: Grounds into double play, 5-4-3 (Groundball, 5S, EV 88.8 MPH)
|
Batting: RHB Marshall Burk
|
0-0: Ground out 5-3 (Groundball, 56S, EV 86.3 MPH)
|
Bottom of the 5th over - 0 runs, 0 hits, 0 errors, 0 left on base; Greensboro 0 - Raleigh-Durham 0 |
TOP OF THE 6TH |
Greensboro Hornets batting - Pitching for Raleigh-Durham Capitals : RHP Carlos Garcia
|
Batting: LHB Preston Cash
|
0-0: Called Strike 0-1: Swinging Strike 0-2: Ball 1-2: Strikes out swinging
|
Batting: RHB Greg Jelks
|
0-0: Called Strike 0-1: Ball 1-1: Ball 2-1: Ball 3-1: Base on Balls
|
Batting: LHB Fernando Vazquez
|
0-0: Swinging Strike 0-1: Ball 1-1: Foul Ball, location: 2F 1-2: Grounds into double play, 4-6-3 (Groundball, 34, EV 105.6 MPH)
|
Top of the 6th over - 0 runs, 0 hits, 0 errors, 0 left on base; Greensboro 0 - Raleigh-Durham 0 |
BOTTOM OF THE 6TH |
Raleigh-Durham Capitals batting - Pitching for Greensboro Hornets : RHP Jesus Silva
|
Batting: SHB Horace Ransom
|
0-0: Swinging Strike 0-1: Ball 1-1: Ball 2-1: Ball 3-1: Base on Balls
|
Batting: RHB Mark Miller
|
0-0: Reached on error, E1 (Groundball, P, EV 43.8 MPH) Horace Ransom to second
|
Batting: RHB James Wahlig
|
0-0: Called Strike 0-1: Fielders Choice at 2nd, 4-6 (Groundball, 4, EV 88.1 MPH) Horace Ransom to third
|
Batting: LHB Clay Smith
|
0-0: Ball 1-0: Ball 2-0: Called Strike 2-1: Ball 3-1: Foul Ball, location: 2F 3-2: SINGLE (Groundball, 3, EV 105.6 MPH) Horace Ransom scores James Wahlig to second Runner from 2nd tries for 3rd, SAFE, throw by RF made to third
|
Batting: RHB James Stefanski
|
0-0: Foul Ball, location: 2F 0-1: Swinging Strike 0-2: Strikes out swinging
|
Batting: RHB Kevin MacDonald
|
0-0: Foul Ball, location: 2F 0-1: Ball 1-1: Ball 2-1: Fly out, F9 (Flyball, 89M, EV 90.0 MPH)
|
Bottom of the 6th over - 1 run, 1 hit, 1 error, 2 left on base; Greensboro 0 - Raleigh-Durham 1 |
TOP OF THE 7TH |
Greensboro Hornets batting - Pitching for Raleigh-Durham Capitals : RHP Carlos Garcia
|
Batting: RHB Mark Cauley
|
0-0: Ball 1-0: Ball 2-0: Swinging Strike 2-1: Ground out 5-3 (Groundball, 5L, EV 103.1 MPH)
|
Batting: LHB Stephen DeMatties
|
0-0: Swinging Strike 0-1: Ball 1-1: Called Strike 1-2: Foul Ball, location: 2F 1-2: Strikes out swinging
|
Batting: RHB John Lohse
|
0-0: Ball 1-0: Ball 2-0: Foul Ball, location: 2F 2-1: Ball 3-1: Swinging Strike 3-2: Fly out, F3 (Line Drive, 3, EV 75.6 MPH)
|
Top of the 7th over - 0 runs, 0 hits, 0 errors, 0 left on base; Greensboro 0 - Raleigh-Durham 1 |
BOTTOM OF THE 7TH |
Raleigh-Durham Capitals batting - Pitching for Greensboro Hornets : RHP Jesus Silva
|
Batting: RHB Red Ebersole
|
0-0: Foul Ball, location: 2F 0-1: Reached on error, E6 (Groundball, 6, EV 81.9 MPH)
|
Batting: RHB Luis Brito
|
0-0: Ball 1-0: Ball 2-0: Ball 3-0: Called Strike 3-1: Called Strike 3-2: Fly out, F9 (Flyball, 9S, EV 88.1 MPH)
|
Batting: RHB Marshall Burk
|
0-0: SINGLE (Groundball, 56D, EV 83.1 MPH) (infield hit) Red Ebersole to third
|
Batting: SHB Horace Ransom
|
0-0: Ball 1-0: Squeeze Bunt to 2R - play home, runner scores, batter safe! Red Ebersole scores Marshall Burk to second
|
Batting: RHB Mark Miller
|
0-0: Foul Ball, location: 2F 0-1: Ball 1-1: Ball 2-1: Ball Wild Pitch! Marshall Burk to third Horace Ransom to second 3-1: Base on Balls
|
Batting: RHB James Wahlig
|
0-0: Ball 1-0: Swinging Strike 1-1: Foul Ball, location: 2F 1-2: Ball 2-2: Ball 3-2: Strikes out swinging
|
Batting: LHB Clay Smith
|
0-0: Ball 1-0: Fielders Choice at 2nd, U6 (Groundball, 6M, EV 76.3 MPH)
|
Bottom of the 7th over - 1 run, 1 hit, 1 error, 3 left on base; Greensboro 0 - Raleigh-Durham 2 |
TOP OF THE 8TH |
Greensboro Hornets batting - Pitching for Raleigh-Durham Capitals : RHP Carlos Garcia
|
Batting: RHB Craig Hendrickson
|
0-0: Foul Ball, location: 2F 0-1: Called Strike 0-2: Foul Ball, location: 2F 0-2: Ground out 5-3 (Groundball, 56S, EV 65.0 MPH)
|
Batting: RHB Armando Moreno
|
0-0: Ball 1-0: Ball 2-0: Ball 3-0: Base on Balls
|
Batting: RHB Alexis Infante
|
0-0: Ball 1-0: Foul Ball, location: 2F 1-1: Ball 2-1: SINGLE (Groundball, 6S, EV 71.3 MPH) (infield hit) Armando Moreno to second
|
Batting: LHB Preston Cash
|
0-0: Ball 1-0: Called Strike 1-1: Called Strike 1-2: Ball 2-2: Strikes out swinging
|
Batting: RHB Greg Jelks
|
0-0: Fly out, F4 (Line Drive, 4M, EV 86.9 MPH)
|
Top of the 8th over - 0 runs, 1 hit, 0 errors, 2 left on base; Greensboro 0 - Raleigh-Durham 2 |
BOTTOM OF THE 8TH |
Raleigh-Durham Capitals batting - Pitching for Greensboro Hornets : RHP Jesus Silva
|
Batting: RHB James Stefanski
|
0-0: Swinging Strike 0-1: Ground out 5-3 (Groundball, 56, EV 81.9 MPH)
|
Batting: RHB Kevin MacDonald
|
0-0: Ball 1-0: Ball 2-0: Ball 3-0: Base on Balls
|
Pitching: RHP Ray Krawczyk
|
|
Batting: RHB Red Ebersole
|
0-0: Called Strike 0-1: Called Strike 0-2: Ball 1-2: Ball 2-2: Strikes out swinging
|
Batting: RHB Luis Brito
|
0-0: Ball 1-0: Called Strike 1-1: SINGLE (Line Drive, 8RM, EV 93.8 MPH) Kevin MacDonald to second Runner from 2nd tries for 3rd, SAFE, throw by CF made to third
|
Batting: RHB Marshall Burk
|
0-0: Ball 1-0: Ball 2-0: Foul Ball, location: 2F 2-1: Foul Ball, location: 2F 2-2: Strikes out looking
|
Bottom of the 8th over - 0 runs, 1 hit, 0 errors, 2 left on base; Greensboro 0 - Raleigh-Durham 2 |
TOP OF THE 9TH |
Greensboro Hornets batting - Pitching for Raleigh-Durham Capitals : RHP Carlos Garcia
|
Now in LF: Bobby Supel
|
|
Batting: LHB Fernando Vazquez
|
0-0: Ball 1-0: Ground out 3-1 (Groundball, 34, EV 103.1 MPH)
|
Batting: RHB Mark Cauley
|
0-0: Ball 1-0: Swinging Strike 1-1: Ball 2-1: Swinging Strike 2-2: Ball 3-2: Foul Ball, location: 2F 3-2: Fly out, F9 (Flyball, 9D, EV 100.0 MPH)
|
Batting: LHB Stephen DeMatties
|
0-0: Ball 1-0: Ball 2-0: Ball 3-0: Base on Balls
|
Pinch Hitting: LHB Francisco Melendez
|
0-0: Ball Passed Ball! Stephen DeMatties to second 1-0: Ball 2-0: Ball 3-0: Called Strike 3-1: Fly out, F8 (Flyball, 78D, EV 96.3 MPH)
|
Top of the 9th over - 0 runs, 0 hits, 0 errors, 1 left on base; Greensboro 0 - Raleigh-Durham 2 |
|